[Event "23rd European Team Chess Championship 2"]
[Site "Catez, Slovenia"]
[Date "2021.11.13"]
[Round "2.1"]
[White "Toczek, Grzegorz"]
[Black "Giri, Anish"]
[Result "0-1"]
[WhiteElo "2296"]
[BlackElo "2774"]
[PlyCount "52"]
[EventDate "2021.11.12"]
[EventRounds "9"]
[WhiteTeam "Wales"]
[BlackTeam "Netherlands"]
[WhiteTeamCountry "WLS"]
[BlackTeamCountry "NED"]
[TimeControl "6000+1385"]
[WhiteClock "0:07:13"]
[BlackClock "0:27:59"]

1. e4 c6 2. d4 d5 3. Nc3 dxe4 4. Nxe4 Nf6 5. Nxf6+ exf6 6. c3 Bd6 7. Bd3 O-O 8. Qc2 Re8+ 9. Ne2 h5 10. Be3 Nd7 11. O-O-O b5 12. Ng3 Nb6 13.
Kb1 Nd5 14. Bc1 Rb8 15. Rde1 b4 16. Rxe8+ Qxe8 17. Ne4 Bc7 18. Re1 Qd8 19. Qe2 bxc3 20. Qxh5 cxb2 21. Bd2 g6 22. Qf3 Ba5 23. Bc2 Bxd2 24. Nxd2 Qa5 25. Re8+ Kg7 26. Nb3 Qa3 0-1

[Event "23rd European Team Chess Championship 2"]
[Site "Catez, Slovenia"]
[Date "2021.11.13"]
[Round "2.3"]
[White "Garcia, Jason"]
[Black "Van Foreest, Jorden"]
[Result "0-1"]
[WhiteElo "2028"]
[BlackElo "2701"]
[PlyCount "104"]
[EventDate "2021.11.12"]
[EventRounds "9"]
[WhiteTeam "Wales"]
[BlackTeam "Netherlands"]
[WhiteTeamCountry "WLS"]
[BlackTeamCountry "NED"]
[TimeControl "6000+615"]
[WhiteClock "0:04:11"]
[BlackClock "0:52:55"]

1. Nf3 d5 2. g3 Nd7 3. d4 Nb6 4. Bg2 Bf5 5. Nbd2 Nf6 6. O-O e6 7. c4 c6 8. b3 Be7 9. Bb2 h5 10. Re1 Ne4 11. Nxe4 Bxe4 12. Nd2 Bxg2 13.
Kxg2 dxc4 14. Nxc4 Bb4 15. Nd2 h4 16. a3 Bxd2 17. Qxd2 Qd5+ 18. e4 Qxb3 19. Qc3 Qb5 20. Rab1 O-O-O 21. Qc5 Qxc5 22. dxc5 Nc4 23. Bxg7 h3+ 24. Kg1 Rh5 25. Rb3 Nd2 26. Rbe3 Rxc5 27. Bf6 Rg8 28. f4 Rc2 29. e5 c5 30. Bg5 Nc4 31. Rd3 Nb2 32. Rde3 c4 33.
g4 Nd3 34. Rf1 Rg2+ 35. Kh1 Nf2+ 36. Rxf2 Rxf2 37. Rxh3 b5 38.
Rc3 Kd7 39. h4 a5 40. a4 b4 41. Rxc4 Rc8 42. Rd4+ Ke8 43. Rd1 b3 44. h5 b2 45. f5 Rfc2 46. h6 Rc1 47. Bxc1 Rxc1 48. h7 Rxd1+ 49. Kg2 Rh1 50. Kxh1 b1=Q+ 51. Kg2 Qe4+ 52. Kf2 Qxe5 0-1